 Dungeon Crawl Stone Soup version 0.24.1 (webtiles) character file.

Game seed: 3902020921903520760, levelgen mode: deterministic

286 Peloso the Shield-Bearer (level 6, -8/53 HPs)
             Began as a Minotaur Fighter on Apr 4, 2020.
             Mangled by a mummy (13 damage)
             ... in an ossuary.
             The game lasted 00:08:03 (2695 turns).

Peloso the Shield-Bearer (Minotaur Fighter)         Turns: 2695, Time: 00:08:03

Health: -8/53      AC:  7    Str: 21    XL:     6   Next: 8%
Magic:  5/5        EV:  8    Int:  3    God:
Gold:   180        SH: 10    Dex: 11    Spells: 5/5 levels left

rFire    . . .     SeeInvis .   a - +0 long sword
rCold    . . .     Gourm    .   c - +0 shield
rNeg     . . .     Faith    .   b - +0 scale mail
rPois    .         Spirit   .   (helmet restricted)
rElec    .         Reflect  .   (no cloak)
rCorr    .         Harm     .   (no gloves)
MR       +....                  (no boots)
Stlth    ..........             j - amulet of inaccuracy (curse)
HPRegen  0.17/turn              i - ring of flight
MPRegen  0.09/turn              (no ring)

@: no status effects
A: retaliatory headbutt, horns 2, dopey 1, magic resistance 1
a: Evoke Flight


You were in an ossuary.
You were not hungry.

You visited 1 branch of the dungeon, and saw 4 of its levels.
You also visited: Ossuary.

You collected 180 gold pieces.

Inventory:

Hand Weapons
 a - a +0 long sword (weapon)
 g - a +2 dagger of draining
Armour
 b - a +0 scale mail (worn)
 c - a +0 shield (worn)
Jewellery
 e - an uncursed amulet of magic regeneration
 i - a ring of flight (left hand)
 j - a cursed amulet of inaccuracy (around neck)
Potions
 d - a potion of might
 h - a potion of curing
Comestibles
 f - 5 rations


   Skills:
 + Level 4.4 Fighting
 + Level 4.3 Long Blades
 + Level 5.1 Armour
 + Level 1.4 Dodging
 + Level 5.5 Shields


You had 5 spell levels left.
You didn't know any spells.
Your spell library was empty.

Dungeon Overview and Level Annotations

Branches:
Dungeon (4/15)            Ossuary (1/1)
 Temple: D:4-7

Altars:


Innate Abilities, Weirdness & Mutations

You reflexively headbutt those who attack you in melee.
You have a pair of horns on your head.
You are dopey. (Int -2)
You are resistant to hostile enchantments. (MR+)


Message History

You block the mummy's attack.
You barely miss the mummy.
The mummy is severely damaged.
You hit the mummy. Your headbutt misses the mummy.
The mummy is almost destroyed.
You block the mummy's attack.
You closely miss the mummy.
The mummy is almost destroyed.
The mummy hits you.
* * * LOW HITPOINT WARNING * * *
You closely miss the mummy. You headbutt the mummy.
You destroy the mummy!
You slash the mummy!
The mummy is heavily damaged.
The mummy hits you!
* * * LOW HITPOINT WARNING * * *
You slash the mummy!
The mummy is almost destroyed.
The mummy hits you!
You die...

###############
##......@M......
##......####.....
#......##..## ...
#.....##....##...
#................
##..............
##.............
#+##........#
##......##


You could see a mummy.

Vanquished Creatures
  A hound (D:4)
  A worker ant (D:4)
  A big kobold zombie (Ossuary)
  7 mummies (Ossuary)
  2 adders (D:3)
  2 oozes
  3 worms (D:2)
  A dart slug (D:1)
  2 leopard geckos (D:4)
  An orc (D:3)
  3 giant cockroaches
  12 goblins
  11 hobgoblins
  12 kobolds
  A quokka (D:4)
  2 ball pythons (D:3)
  13 bats
  3 frilled lizards
  3 hobgoblin zombies (Ossuary)
  2 kobold zombies (Ossuary)
  2 orc zombies (Ossuary)
  12 rats
97 creatures vanquished.

Notes
Turn   | Place    | Note
-------+----------+-------------------------------------------
     0 | D:1      | Peloso the Minotaur Fighter began the quest for the Orb.
     0 | D:1      | Reached XP level 1. HP: 19/19 MP: 0/0
    88 | D:1      | Reached XP level 2. HP: 27/27 MP: 1/1
   279 | D:1      | Reached XP level 3. HP: 33/33 MP: 2/2
   931 | D:2      | Reached XP level 4. HP: 35/40 MP: 3/3
  1846 | D:3      | Gained mutation: You are dopey. (Int -2) [potion of
                  | mutation]
  1846 | D:3      | Gained mutation: You are resistant to hostile enchantments.
                  | (MR+) [potion of mutation]
  1945 | D:4      | Found a sand-covered staircase.
  1958 | D:4      | Reached skill level 5 in Shields
  1958 | D:4      | Reached XP level 5. HP: 33/47 MP: 4/4
  2075 | Ossuary  | Entered an ossuary
  2426 | Ossuary  | Reached skill level 1 in Dodging
  2431 | Ossuary  | Reached skill level 5 in Armour
  2683 | Ossuary  | Reached XP level 6. HP: 38/53 MP: 5/5
  2695 | Ossuary  | Mangled by a mummy

Levels and vault maps discovered:
D:1:      dpeg_arrival_round_c, layout_basic, nrook_mini_vaults,
          serial_park_tiny_pond
D:2:      minmay_angry_zag, layout_basic
D:3:      layout_basic, first_ration
D:4:      layout_basic, nicolae_ossuary_entry_monument
Ossuary:  ossuary_tomb_3

Skill      XL: |  1  2  3  4  5 |
---------------+----------------+-----
Fighting       | 4 |  4.4
Armour         | 4 5 |  5.1
Shields        | 4 5 |  5.5
Long Blades    | 3 4 |  4.3
Dodging        | 1 |  1.4

Action                   |  1- 3 |  4- 6 || total
-------------------------+-------+-------++-------
Melee: Long sword        |    96 |   178 ||   274
       Headbutt          |    13 |    32 ||    45
  Use: Potion            |       |     3 ||     3
       Scroll            |       |     2 ||     2
  Eat: Chunk             |       |     4 ||     4
       Ration            |       |     1 ||     1
Armor: Scale mail        |    47 |    87 ||   134
Dodge: Dodged            |    31 |    65 ||    96
Block: Shield            |    66 |   100 ||   166
       Rpst.: Long sword |    10 |    11 ||    21
